AoeStats
← vladimirpolaris

Lombardia

509770829Analyzed
3v3 RM · 6d ago on Sep 28, 2026· 40m 5s· 6 players
Game mode
Random Map
Map size
Normal (6 player)
Population
200
Speed
Normal
Resources
Standard
Victory
Conquest
Starting age
Dark Age
Ending age
Imperial Age
RankedLock teamsTeams togetherTeam positionsShared explorationLock speedFull tech treeHidden civsTurbo modeCheats
Victory
Defeat
🇨🇴 Magyars · Colombia
935
+14
🇨🇴 Maya · Colombia
925
+15
🇪🇸 Khmer · Spain
866
+17
🇨🇱 Vikings · Chile
928
-17
🇨🇱 Teutons · Chile
918
-16
🇦🇷 Goths · Argentina
836
-13
vladimirpolaris
17:08 Feudal Age
19:01 Loom
24:54 Castle Age
22:57 Fletching
23:08 Scale Mail Armor
25:02 Pikeman
29:07 Forging
31:20 Bodkin Arrow
33:25 Iron Casting
Mosquita Original
11:02 Feudal Age
9:19 Loom
15:00 Castle Age
13:27 Horse Collar
23:19 Imperial Age
20:46 Double-Bit Axe
27:05 Capped Ram
28:14 Capped Ram
31:36 Bow Saw
31:30 Heavy Plow
35:20 Pikeman
LongaChilena
0:37 Loom
13:40 Feudal Age
14:14 Double-Bit Axe
13:54 Man-at-Arms
16:51 Wheelbarrow
19:33 Forging
19:24 Scale Mail Armor
21:40 Horse Collar
24:01 Castle Age
24:27 Pikeman
25:13 Stone Mining
27:48 Chain Mail Armor
28:09 Iron Casting
28:36 Squires
30:14 Town Watch
juandaosp12
7:08 Loom
9:27 Feudal Age
10:42 Double-Bit Axe
14:06 Horse Collar
16:31 Wheelbarrow
19:56 Castle Age
20:35 Bloodlines
21:29 Thumb Ring
23:03 Scale Barding Armor
23:55 Fletching
27:20 Heavy Plow
28:54 Gold Mining
28:54 Stone Mining
29:05 Stone Mining
29:50 Husbandry
35:31 Chain Barding Armor
35:07 Bodkin Arrow
38:44 Gold Shaft Mining
40:44 Hand Cart
felip3.diaz
11:36 Feudal Age
13:43 Double-Bit Axe
17:00 Padded Archer Armor
16:50 Fletching
24:05 Castle Age
22:51 Horse Collar
24:23 Crossbowman
25:09 Thumb Ring
26:39 Ballistics
27:57 Bow Saw
28:04 Leather Archer Armor
27:44 Bodkin Arrow
38:59 Imperial Age
sebastianmedina9725
0:27 Loom
12:16 Feudal Age
13:17 Horse Collar
13:27 Double-Bit Axe
14:18 Gold Mining
14:18 Stone Mining
17:45 Castle Age
18:44 Heavy Plow
18:58 Bow Saw
19:27 Gold Shaft Mining
Connection lost

Rejoining the realm…

Still unreachable

The connection could not be restored.

Session expired

The server has moved on; the page needs a fresh start.